[Event "GambitGuide"]
[Site "Internet Chess Club"]
[Date "2014.10.31"]
[Round "1"]
[White "JSBach"]
[Black "Dabulvm"]
[Result "1-0"]
[ICCResult "Black checkmated"]
[WhiteElo "1576"]
[BlackElo "1703"]
[Opening "Vienna: `Frankenstein-Dracula' variation"]
[ECO "C27"]
[NIC "VG.02"]
[Time "07:55:04"]
[TimeControl "120+12"]

1. e4 e5 2. Nc3 Nf6 3. Bc4 Nxe4 4. Qh5 Nd6 5. Bb3 Nc6 6. Nb5 g6 7. Qf3 f5 8.
Qd5 Qe7 9. Nxc7+ Kd8 10. Nxa8 b6 11. d3 Bb7 12. Nxb6 axb6 13. Qf3 Bg7 14.
Be3 Kc7 15. Bd5 Nd4 16. Bxd4 exd4+ 17. Ne2 Bxd5 18. Qxd5 Re8 19. Qf3 g5 20.
h3 h5 21. Kf1 g4 22. Nf4 gxf3 23. Nd5+ Kc8 24. Nxe7+ Rxe7 25. gxf3 f4 26.
Re1 Rf7 27. Kg2 Nf5 28. Kh2 Kc7 29. Re2 Kd6 30. Rhe1 Bf6 31. Re4 Bg5 32. Re5
h4 33. a3 Bh6 34. Rb5 Kc7 35. Rbe5 d6 36. R5e4 Kc6 37. R4e2 Kd5 38. a4 Bg5
39. Kg1 Bf6 40. Kf1 Be5 41. Kg2 Rg7+ 42. Kh2 Ne7 43. Re4 Nc6 44. R1e2 Nb4
45. Kh1 Na6 46. c4+ dxc3 47. bxc3 Nc5 48. d4 Nd3 49. Rd2 Kc4 50. dxe5+ Kxc3
51. Rxd3+ Kxd3 52. exd6 Rd7 53. Rxf4 Rxd6 54. Rxh4 Ke2 55. Kg2 Rd3 56. Re4+
Kd2 57. f4 Ra3 58. f5 Rc3 59. Re6 Rc5 60. f6 Rg5+ 61. Kh2 Rf5 62. Rd6+ Ke2
63. Rxb6 Kxf2 64. h4 Kf3 65. Rd6 Kg4 66. Re6 Kxh4 67. Kg2 Kg5 68. Kg3 Kg6
69. Ra6 Kf7 70. a5 Rb5 71. Kh2 Kg6 72. Kg1 Kf7 73. Kh2 Kg6 74. Kg2 Kf7 75.
Kf3 Rb4 76. Rb6 Ra4 77. a6 Kg6 78. Ke3 Ra1 79. Kd4 Ra2 80. Rd6 Ra5 81. Rc6
Ra3 82. Rd6 Ra1 83. Re6 Ra4+ 84. Kc5 Ra5+ 85. Kb6 Ra1 86. a7 Rb1+ 87. Kc7
Ra1 88. Kb6 Rb1+ 89. Kc7 Ra1 90. Kb7 Rb1+ 91. Rb6 Ra1 92. Ra6 Rxa6 93. Kxa6
Kxf6 94. a8=Q Ke5 95. Qc6 Kd4 96. Qd6+ Kc4 97. Kb6 Kb3 98. Qd3+ Kb4 99. Kc6
Ka5 100. Qb5# {Black checkmated} 1-0

[Event "GambitGuide"]
[Site "Internet Chess Club"]
[Date "2014.10.31"]
[Round "1"]
[White "JSBach"]
[Black "almoehi"]
[Result "1-0"]
[ICCResult "Black resigns"]
[WhiteElo "1576"]
[BlackElo "1458"]
[Opening "Vienna: `Frankenstein-Dracula' variation"]
[ECO "C27"]
[NIC "VG.02"]
[Time "07:52:56"]
[TimeControl "120+12"]

1. e4 e5 2. Nc3 Nf6 3. Bc4 Nxe4 4. Qh5 Nd6 5. Bb3 Nc6 6. Nb5 g6 7. Qf3 f5 8.
Qd5 Qe7 9. Nxc7+ Kd8 10. Nxa8 b6 11. d3 e4 12. dxe4 Nxe4 13. Be3 Bb7 14.
Nxb6 axb6 15. Bxb6+ Kc8 16. Be3 Bg7 17. c3 Re8 18. Qf7 f4 19. Qxf4 Ne5 20.
Kf1 Ba6+ 21. Ne2 Nd3 22. Qf7 Nd2+ 23. Bxd2 Qxe2+ 24. Kg1 Re7 25. Qg8+ Kc7
26. Be3 Bh6 27. Qd5 Bxe3 28. Qa5+ Kb7 29. Bd5+ Ka7 30. Qc7+ {Black resigns}
1-0

[Event "GambitGuide"]
[Site "Internet Chess Club"]
[Date "2014.10.31"]
[Round "1"]
[White "JSBach"]
[Black "snapper"]
[Result "1-0"]
[ICCResult "Black resigns"]
[WhiteElo "1576"]
[BlackElo "1504"]
[Opening "Vienna: `Frankenstein-Dracula' variation"]
[ECO "C27"]
[NIC "VG.02"]
[Time "07:55:53"]
[TimeControl "120+12"]

1. e4 e5 2. Nc3 Nf6 3. Bc4 Nxe4 4. Qh5 Nd6 5. Bb3 Nc6 6. Nb5 g6 7. Qf3 f5 8.
Qd5 Qe7 9. Nxc7+ Kd8 10. Nxa8 b6 11. d3 e4 12. dxe4 Nxe4 13. Be3 f4 14. Nxb6
fxe3 15. O-O-O axb6 16. Qxc6 Nxf2 17. Qxb6+ Ke8 18. Qc7 Nxd1 19. Qxc8+ Qd8
20. Qxd8+ Kxd8 21. Kxd1 {Black resigns} 1-0

[Event "GambitGuide"]
[Site "Internet Chess Club"]
[Date "2014.10.31"]
[Round "1"]
[White "JSBach"]
[Black "endersgame"]
[Result "1-0"]
[ICCResult "Black resigns"]
[WhiteElo "1576"]
[BlackElo "1687"]
[Opening "Vienna: `Frankenstein-Dracula' variation"]
[ECO "C27"]
[NIC "VG.02"]
[Time "07:54:21"]
[TimeControl "120+12"]

1. e4 e5 2. Nc3 Nf6 3. Bc4 Nxe4 4. Qh5 Nd6 5. Bb3 Nc6 6. Nb5 g6 7. Qf3 f5 8.
Qd5 Qe7 9. Nxc7+ Kd8 10. Nxa8 b6 11. d3 Bb7 12. Nxb6 axb6 13. Qf3 Nd4 14.
Qg3 f4 15. Qg4 N6f5 16. c3 Nxb3 17. axb3 Rg8 18. Ra7 Kc8 19. Nf3 Kb8 20. Ra4
d5 21. O-O Bh6 22. Re1 {Black resigns} 1-0

[Event "GambitGuide"]
[Site "Internet Chess Club"]
[Date "2014.10.31"]
[Round "1"]
[White "JSBach"]
[Black "Dabulvm"]
[Result "1-0"]
[ICCResult "Black resigns"]
[WhiteElo "1576"]
[BlackElo "1703"]
[Opening "Vienna: `Frankenstein-Dracula' variation"]
[ECO "C27"]
[NIC "VG.02"]
[Time "07:57:19"]
[TimeControl "120+12"]

1. e4 e5 2. Nc3 Nf6 3. Bc4 Nxe4 4. Qh5 Nd6 5. Bb3 Nc6 6. Nb5 g6 7. Qf3 f5 8.
Qd5 Qe7 9. Nxc7+ Kd8 10. Nxa8 b6 11. d3 Bg7 12. Nh3 Bb7 13. Bg5 Bf6 14. Nxb6
axb6 15. g3 Kc7 16. Bxf6 Qxf6 17. f4 exf4 18. Nxf4 Re8+ 19. Kf1 g5 20. Ng2
Ne5 21. Qd4 Rf8 22. Re1 Nf3 23. Qxf6 Rxf6 24. Re7 h5 25. Kf2 Nd4 26. Rhe1
Nxb3 27. axb3 f4 28. gxf4 g4 29. R1e5 h4 30. Nxh4 Rxf4+ 31. Kg3 Rf1 32. Re1
Nf5+ 33. Nxf5 Rxf5 34. Kxg4 Rc5 35. c4 Bc6 36. b4 {Black resigns} 1-0

[Event "GambitGuide"]
[Site "Internet Chess Club"]
[Date "2014.10.31"]
[Round "1"]
[White "JSBach"]
[Black "kamalchandran"]
[Result "1-0"]
[ICCResult "Black resigns"]
[WhiteElo "1584"]
[BlackElo "1704"]
[Opening "Vienna: `Frankenstein-Dracula' variation"]
[ECO "C27"]
[NIC "VG.02"]
[Time "07:58:02"]
[TimeControl "120+12"]

1. e4 e5 2. Nc3 Nf6 3. Bc4 Nxe4 4. Qh5 Nd6 5. Bb3 Nc6 6. Nb5 g6 7. Qf3 f5 8.
Qd5 Qe7 9. Nxc7+ Kd8 10. Nxa8 b6 11. d3 Nd4 12. f4 exf4+ 13. Kd1 Bg7 14.
Bxf4 N6b5 15. Bc4 {Black resigns} 1-0

[Event "GambitGuide"]
[Site "Internet Chess Club"]
[Date "2014.10.31"]
[Round "1"]
[White "JSBach"]
[Black "Dabulvm"]
[Result "1-0"]
[ICCResult "Black resigns"]
[WhiteElo "1584"]
[BlackElo "1703"]
[Opening "Vienna: `Frankenstein-Dracula' variation"]
[ECO "C27"]
[NIC "VG.02"]
[Time "07:58:28"]
[TimeControl "120+12"]

1. e4 e5 2. Nc3 Nf6 3. Bc4 Nxe4 4. Qh5 Nd6 5. Bb3 Nc6 6. Nb5 g6 7. Qf3 f5 8.
Qd5 Qe7 9. Nxc7+ Kd8 10. Nxa8 b6 11. d3 Bb7 12. Nxb6 axb6 13. Qf3 Bg7 14.
Be3 Kc7 15. Bd5 g5 16. Ne2 f4 17. Bd2 h5 18. h3 Re8 19. Qxh5 e4 20. Rb1 exd3
21. cxd3 Ne5 22. Rc1+ Kb8 23. O-O Nxd3 24. Bxb7 Kxb7 25. Nc3 Nxc1 26. Rxc1
Bxc3 27. Bxc3 Ne4 28. Bb4 d6 29. Qf3 Kb8 30. Rc6 Ka7 31. Qa3+ Kb7 32. Bxd6
Nxd6 33. Qxd6 Qxd6 34. Rxd6 Re5 35. Rd7+ Kc6 36. Rd2 Rb5 37. f3 Kc5 38. Kf2
Rb4 39. b3 Kc6 40. Ke2 Rb5 41. Rc2+ Kd6 42. Rc4 Re5+ 43. Re4 Rc5 44. Kd3 Kd5
45. h4 gxh4 46. Rxf4 Rc1 47. Rd4+ Kc6 48. Rxh4 Rg1 49. Rh6+ Kc5 50. g4 Rg3
51. Ke4 Rg2 52. a4 Rb2 53. Rh5+ Kc6 54. Rb5 Re2+ 55. Kd3 Rf2 56. Ke3 Rc2 57.
g5 Rc3+ 58. Kf4 Rd3 59. g6 Rd6 60. Kf5 Rd5+ 61. Rxd5 Kxd5 62. g7 Kc5 63.
g8=Q {Black resigns} 1-0

[Event "GambitGuide"]
[Site "Internet Chess Club"]
[Date "2014.10.31"]
[Round "1"]
[White "JSBach"]
[Black "Zhbugnoimt"]
[Result "0-1"]
[ICCResult "White checkmated"]
[WhiteElo "1584"]
[BlackElo "1680"]
[Opening "Vienna: `Frankenstein-Dracula' variation"]
[ECO "C27"]
[NIC "VG.02"]
[Time "08:00:18"]
[TimeControl "120+12"]

1. e4 e5 2. Nc3 Nf6 3. Bc4 Nxe4 4. Qh5 Nd6 5. Bb3 Nc6 6. Nb5 g6 7. Qf3 f5 8.
Qd5 Qe7 9. Nxc7+ Kd8 10. Nxa8 b6 11. d3 Bb7 12. Nxb6 axb6 13. Qf3 Nd4 14.
Qg3 f4 15. Qg4 Qf6 16. Ba4 N6f5 17. c3 h5 18. Qh3 g5 19. cxd4 g4 20. Bxf4
exf4 21. Bc6 Bxc6 22. d5 Bxd5 23. Qxg4 hxg4 24. h4 Qxb2 25. Rd1 Bb4+ 26. Kf1
Re8 27. Rh3 gxh3 28. Nxh3 Qe2+ 29. Kg1 Qxd1+ 30. Kh2 Re1 31. Ng1 Rxg1 32. g3
Rh1# {White checkmated} 0-1

[Event "GambitGuide"]
[Site "Internet Chess Club"]
[Date "2014.10.31"]
[Round "1"]
[White "JSBach"]
[Black "born2die"]
[Result "1-0"]
[ICCResult "Black resigns"]
[WhiteElo "1584"]
[BlackElo "1927"]
[Opening "Vienna: `Frankenstein-Dracula' variation"]
[ECO "C27"]
[NIC "VG.02"]
[Time "08:00:27"]
[TimeControl "120+12"]

1. e4 e5 2. Nc3 Nf6 3. Bc4 Nxe4 4. Qh5 Nd6 5. Bb3 Nc6 6. Nb5 g6 7. Qf3 f5 8.
Qd5 Qe7 9. Nxc7+ Kd8 10. Nxa8 b6 11. d3 Bg7 12. Nh3 Bb7 13. Bg5 Bf6 14. Nxb6
axb6 15. O-O Bxg5 16. Nxg5 Qxg5 17. Qxd6 Qe7 18. Qd5 Na5 19. Qb5 Nxb3 20.
Qxb6+ Ke8 21. Qxb3 Bc6 22. Qb8+ Qd8 23. Qxe5+ Qe7 24. Qxh8+ {Black resigns}
1-0

[Event "GambitGuide"]
[Site "Internet Chess Club"]
[Date "2014.10.31"]
[Round "1"]
[White "JSBach"]
[Black "DrHypnoChess"]
[Result "1-0"]
[ICCResult "Black resigns"]
[WhiteElo "1591"]
[BlackElo "1212"]
[Opening "Vienna: `Frankenstein-Dracula' variation"]
[ECO "C27"]
[NIC "VG.02"]
[Time "08:00:03"]
[TimeControl "120+12"]

1. e4 e5 2. Nc3 Nf6 3. Bc4 Nxe4 4. Qh5 Nd6 5. Bb3 Nc6 6. Nb5 g6 7. Qf3 f5 8.
Qd5 Qe7 9. Nxc7+ Kd8 10. Nxa8 b6 11. d3 Bb7 12. Nxb6 Kc7 13. Nc4 Nxc4 14.
dxc4 Qd6 15. Bg5 Qxd5 16. cxd5 Ne7 17. Bf6 Rg8 18. Bxe7 Bxe7 19. d6+ Bxd6
20. Bxg8 Be4 21. Nf3 Bxc2 22. Rc1 Bb4+ 23. Ke2 Kb6 24. Rxc2 Kb5 25. Bxh7 g5
26. Bxf5 e4 27. Bxd7+ Ka5 28. Nxg5 Bc5 29. Rxc5+ {Black resigns} 1-0

[Event "GambitGuide"]
[Site "Internet Chess Club"]
[Date "2014.10.31"]
[Round "1"]
[White "JSBach"]
[Black "svatejas2"]
[Result "1-0"]
[ICCResult "Black resigns"]
[WhiteElo "1591"]
[BlackElo "1400"]
[Opening "Vienna: `Frankenstein-Dracula' variation"]
[ECO "C27"]
[NIC "VG.02"]
[Time "07:59:26"]
[TimeControl "120+12"]

1. e4 e5 2. Nc3 Nf6 3. Bc4 Nxe4 4. Qh5 Nd6 5. Bb3 Nc6 6. Nb5 g6 7. Qf3 f5 8.
Qd5 Qe7 9. Nxc7+ Kd8 10. Nxa8 b6 11. d3 Bb7 12. Nxb6 axb6 13. Qf3 Nd4 14.
Qh3 e4 15. Be3 exd3 16. O-O-O Bg7 17. Rxd3 Nxb3+ 18. Rxb3 b5 19. Ne2 Bd5 20.
Rd3 Bc4 21. Bb6+ Ke8 22. Re3 Be6 23. Nd4 h5 24. Qg3 Kf7 25. Rhe1 Bh6 26. f4
Ra8 27. Nxe6 dxe6 28. Rxe6 Qxe6 29. Rxe6 Kxe6 30. Qxg6+ {Black resigns} 1-0

[Event "GambitGuide"]
[Site "Internet Chess Club"]
[Date "2014.10.31"]
[Round "1"]
[White "JSBach"]
[Black "endersgame"]
[Result "0-1"]
[ICCResult "White checkmated"]
[WhiteElo "1591"]
[BlackElo "1687"]
[Opening "Vienna: `Frankenstein-Dracula' variation"]
[ECO "C27"]
[NIC "VG.02"]
[Time "07:58:15"]
[TimeControl "120+12"]

1. e4 e5 2. Nc3 Nf6 3. Bc4 Nxe4 4. Qh5 Nd6 5. Bb3 Nc6 6. Nb5 g6 7. Qf3 f5 8.
Qd5 Qe7 9. Nxc7+ Kd8 10. Nxa8 b6 11. d3 Bb7 12. Nxb6 axb6 13. Qf3 Nd4 14.
Qg3 f4 15. Qg4 g5 16. Ba4 h5 17. Qd1 Bxg2 18. c3 Ne6 19. Qe2 Nc5 20. Bxd7
Nxd7 21. Bxf4 exf4 22. O-O-O Bxh1 23. Qc2 g4 24. Qd2 Bh6 25. Nh3 gxh3 26.
Re1 f3 27. Kc2 Bxd2 28. Rxe7 Kxe7 29. Kxd2 Rg8 30. Ke3 Nf5+ 31. Kf4 Kf6 32.
Ke4 Nc5+ 33. Kd5 Nxd3 34. Kc6 Nxf2 35. a4 Nd3 36. Kxb6 f2 37. Kb5 f1=Q 38.
b4 Nxb4+ 39. Kc5 Rc8+ 40. Kxb4 Qb1+ 41. Ka5 Ra8# {White checkmated} 0-1

[Event "GambitGuide"]
[Site "Internet Chess Club"]
[Date "2014.10.31"]
[Round "1"]
[White "JSBach"]
[Black "kamalchandran"]
[Result "1-0"]
[ICCResult "Black resigns"]
[WhiteElo "1591"]
[BlackElo "1704"]
[Opening "Vienna: `Frankenstein-Dracula' variation"]
[ECO "C27"]
[NIC "VG.02"]
[Time "08:01:49"]
[TimeControl "120+12"]

1. e4 e5 2. Nc3 Nf6 3. Bc4 Nxe4 4. Qh5 Nd6 5. Bb3 Nc6 6. Nb5 g6 7. Qf3 f5 8.
Qd5 Qe7 9. Nxc7+ Kd8 10. Nxa8 b6 11. d3 Nd4 12. h4 Bb7 13. Bg5 {Black
resigns} 1-0

[Event "GambitGuide"]
[Site "Internet Chess Club"]
[Date "2014.10.31"]
[Round "1"]
[White "JSBach"]
[Black "Horizonteffekt"]
[Result "0-1"]
[ICCResult "White checkmated"]
[WhiteElo "1591"]
[BlackElo "1400"]
[Opening "Vienna: `Frankenstein-Dracula' variation"]
[ECO "C27"]
[NIC "VG.02"]
[Time "07:58:37"]
[TimeControl "120+12"]

1. e4 e5 2. Nc3 Nf6 3. Bc4 Nxe4 4. Qh5 Nd6 5. Bb3 Nc6 6. Nb5 g6 7. Qf3 f5 8.
Qd5 Qe7 9. Nxc7+ Kd8 10. Nxa8 b6 11. d3 Bb7 12. Nxb6 axb6 13. Qf3 Nd4 14.
Qg3 f4 15. Qg4 N6f5 16. c3 Nxb3 17. axb3 Qd6 18. d4 h5 19. Qh3 exd4 20. Ne2
f3 21. gxf3 Qe6 22. Bg5+ Kc8 23. Rd1 Ba6 24. Rd2 d3 25. c4 Bb4 26. Qf1 Nd4
27. Kd1 dxe2+ 28. Rxe2 Qf5 29. Rg1 Qd3+ 30. Bd2 Qxb3+ 31. Ke1 Nxf3#
{White checkmated}
0-1

[Event "GambitGuide"]
[Site "Internet Chess Club"]
[Date "2014.10.31"]
[Round "1"]
[White "JSBach"]
[Black "svatejas2"]
[Result "1-0"]
[ICCResult "Black resigns"]
[WhiteElo "1591"]
[BlackElo "1400"]
[Opening "Vienna: `Frankenstein-Dracula' variation"]
[ECO "C27"]
[NIC "VG.02"]
[Time "08:02:01"]
[TimeControl "120+12"]

1. e4 e5 2. Nc3 Nf6 3. Bc4 Nxe4 4. Qh5 Nd6 5. Bb3 Nc6 6. Nb5 g6 7. Qf3 f5 8.
Qd5 Qe7 9. Nxc7+ Kd8 10. Nxa8 b6 11. d3 Bb7 12. Nxb6 axb6 13. Qf3 e4 14. Qe3
h5 15. Qxb6+ {Black resigns} 1-0

[Event "GambitGuide"]
[Site "Internet Chess Club"]
[Date "2014.10.31"]
[Round "1"]
[White "JSBach"]
[Black "svatejas2"]
[Result "1-0"]
[ICCResult "Black resigns"]
[WhiteElo "1591"]
[BlackElo "1400"]
[Opening "Vienna: `Frankenstein-Dracula' variation"]
[ECO "C27"]
[NIC "VG.02"]
[Time "08:02:42"]
[TimeControl "120+12"]

1. e4 e5 2. Nc3 Nf6 3. Bc4 Nxe4 4. Qh5 Nd6 5. Bb3 Nc6 6. Nb5 g6 7. Qf3 f5 8.
Qd5 Qe7 9. Nxc7+ Kd8 10. Nxa8 b6 11. d3 Bb7 12. Nxb6 axb6 13. Qf3 Nd4 14.
Qh3 e4 15. Be3 Bg7 16. dxe4 Bxe4 17. c3 Nc2+ 18. Bxc2 Bxc2 19. Ne2 Bd3 20.
Bxb6+ Kc8 21. Qxd3 {Black resigns} 1-0

[Event "GambitGuide"]
[Site "Internet Chess Club"]
[Date "2014.10.31"]
[Round "1"]
[White "JSBach"]
[Black "Grand-Galop"]
[Result "1-0"]
[ICCResult "Black resigns"]
[WhiteElo "1591"]
[BlackElo "1364"]
[Opening "Vienna: `Frankenstein-Dracula' variation"]
[ECO "C27"]
[NIC "VG.02"]
[Time "07:57:27"]
[TimeControl "120+12"]

1. e4 e5 2. Nc3 Nf6 3. Bc4 Nxe4 4. Qh5 Nd6 5. Bb3 Nc6 6. Nb5 g6 7. Qf3 f5 8.
Qd5 Qe7 9. Nxc7+ Kd8 10. Nxa8 b6 11. d3 e4 12. dxe4 Nxe4 13. Be3 Bb7 14.
Nxb6 axb6 15. Bxb6+ Kc8 16. Be3 Bg7 17. c3 Re8 18. O-O-O Nb4 19. Qa5 Nc6 20.
Qb6 d6 21. Bd5 Qc7 22. Qxc7+ Kxc7 23. g3 Nc5 24. Ne2 Ne5 25. Bxb7 Kxb7 26.
Rxd6 Nf3 27. Ng1 Ne5 28. Bxc5 Kc7 29. a4 Nc4 30. Rd3 Re1+ 31. Kc2 Ne5 32.
Rd1 Rxd1 33. Kxd1 Nd3 34. b4 Bxc3 35. a5 Bxb4 36. Bb6+ Kb7 37. Ke2 Nb2 38.
Nf3 Nc4 39. Rb1 Bxa5 40. Bxa5+ Ka6 41. Bc3 Na3 42. Ra1 {Black resigns} 1-0

[Event "GambitGuide"]
[Site "Internet Chess Club"]
[Date "2014.10.31"]
[Round "1"]
[White "JSBach"]
[Black "endersgame"]
[Result "1-0"]
[ICCResult "Black resigns"]
[WhiteElo "1591"]
[BlackElo "1687"]
[Opening "Vienna: `Frankenstein-Dracula' variation"]
[ECO "C27"]
[NIC "VG.02"]
[Time "08:02:04"]
[TimeControl "120+12"]

1. e4 e5 2. Nc3 Nf6 3. Bc4 Nxe4 4. Qh5 Nd6 5. Bb3 Nc6 6. Nb5 g6 7. Qf3 f5 8.
Qd5 Qe7 9. Nxc7+ Kd8 10. Nxa8 b6 11. d3 Bb7 12. Nxb6 axb6 13. Qf3 Nd4 14.
Qh3 g5 15. Be3 g4 16. Qh5 Bxg2 17. Bg5 Bxh1 18. Bxe7+ Bxe7 19. Kd2 Bc6 20.
Bf7 {Black resigns} 1-0

[Event "GambitGuide"]
[Site "Internet Chess Club"]
[Date "2014.10.31"]
[Round "1"]
[White "JSBach"]
[Black "GambitBandit"]
[Result "1-0"]
[ICCResult "Black resigns"]
[WhiteElo "1598"]
[BlackElo "1950"]
[Opening "Vienna: `Frankenstein-Dracula' variation"]
[ECO "C27"]
[NIC "VG.02"]
[Time "08:01:49"]
[TimeControl "120+12"]

1. e4 e5 2. Nc3 Nf6 3. Bc4 Nxe4 4. Qh5 Nd6 5. Bb3 Nc6 6. Nb5 g6 7. Qf3 f5 8.
Qd5 Qe7 9. Nxc7+ Kd8 10. Nxa8 b6 11. d3 Bb7 12. Nxb6 axb6 13. Qf3 Bg7 14.
Qg3 Rf8 15. Bg5 Bf6 16. Bh6 Rf7 17. Bxf7 Qxf7 18. Be3 Nc8 19. Bg5 Qe7 20.
Bxf6 Qxf6 21. c3 d5 22. Qh3 h5 23. Rc1 e4 24. dxe4 fxe4 25. Rd1 Qe5 26. Ne2
N6e7 27. Nd4 Nf5 28. Nxf5 Qxf5 29. Qe3 Ke7 30. Qh6 Kf6 31. O-O Nd6 32. Rfe1
Nf7 33. Qe3 Qe6 34. Qd4+ Ke7 35. Qg7 Qf6 36. Qg8 Bc6 37. f3 Qe5 38. fxe4
dxe4 39. Rf1 Qe6 40. Rxf7+ Qxf7 41. Qd8+ Ke6 42. Qd6+ {Black resigns} 1-0

[Event "GambitGuide"]
[Site "Internet Chess Club"]
[Date "2014.10.31"]
[Round "1"]
[White "JSBach"]
[Black "Horizonteffekt"]
[Result "0-1"]
[ICCResult "White checkmated"]
[WhiteElo "1598"]
[BlackElo "1400"]
[Opening "Vienna: `Frankenstein-Dracula' variation"]
[ECO "C27"]
[NIC "VG.02"]
[Time "08:02:19"]
[TimeControl "120+12"]

1. e4 e5 2. Nc3 Nf6 3. Bc4 Nxe4 4. Qh5 Nd6 5. Bb3 Nc6 6. Nb5 g6 7. Qf3 f5 8.
Qd5 Qe7 9. Nxc7+ Kd8 10. Nxa8 b6 11. d3 Bb7 12. Nxb6 axb6 13. Qf3 Nd4 14.
Qg3 f4 15. Qg4 N6f5 16. Ne2 Nxe2 17. Kxe2 Bxg2 18. Rd1 Nd4+ 19. Ke1 Nf3+ 20.
Ke2 Nh4 21. Kd2 h5 22. Qxg2 Nxg2 23. Rg1 f3 24. Bd5 Qc5 25. Rxg2 fxg2 26.
Bxg2 Qxf2+ 27. Kc3 Qc5+ 28. Kd2 Bh6+ 29. Ke1 Qg1+ 30. Bf1 Rf8 31. Bf4 Rxf4
32. Kd2 Re4+ 33. Kc3 Qd4+ 34. Kb3 Qb4# {White checkmated} 0-1

[Event "GambitGuide"]
[Site "Internet Chess Club"]
[Date "2014.10.31"]
[Round "1"]
[White "JSBach"]
[Black "svatejas2"]
[Result "0-1"]
[ICCResult "White checkmated"]
[WhiteElo "1598"]
[BlackElo "1400"]
[Opening "Vienna: `Frankenstein-Dracula' variation"]
[ECO "C27"]
[NIC "VG.02"]
[Time "08:04:06"]
[TimeControl "120+12"]

1. e4 e5 2. Nc3 Nf6 3. Bc4 Nxe4 4. Qh5 Nd6 5. Bb3 Nc6 6. Nb5 g6 7. Qf3 f5 8.
Qd5 Qe7 9. Nxc7+ Kd8 10. Nxa8 b6 11. d3 Bb7 12. Nxb6 axb6 13. Qf3 Nd4 14.
Qh3 f4 15. Ba4 b5 16. Bb3 Qg5 17. f3 Nxb3 18. axb3 Nf5 19. Ra7 Kc7 20. Ne2
Kb6 21. Ra1 Bc5 22. b4 Bxb4+ 23. c3 Bc5 24. d4 exd4 25. cxd4 Nxd4 26. Nxd4
Bxd4 27. Qxd7 Qe5+ 28. Kf1 Re8 29. Be3 Qxe3 30. Qd6+ Bc6 31. Ra6+ Kxa6 32.
Qxc6+ Bb6 33. Qxb6+ Kxb6 34. g3 Qxf3+ 35. Kg1 Re1# {White checkmated} 0-1

[Event "GambitGuide"]
[Site "Internet Chess Club"]
[Date "2014.10.31"]
[Round "1"]
[White "JSBach"]
[Black "Spidey"]
[Result "1-0"]
[ICCResult "Black resigns"]
[WhiteElo "1598"]
[BlackElo "1400"]
[Opening "Vienna: `Frankenstein-Dracula' variation"]
[ECO "C27"]
[NIC "VG.02"]
[Time "07:56:15"]
[TimeControl "120+12"]

1. e4 e5 2. Nc3 Nf6 3. Bc4 Nxe4 4. Qh5 Nd6 5. Bb3 Nc6 6. Nb5 g6 7. Qf3 f5 8.
Qd5 Qe7 9. Nxc7+ Kd8 10. Nxa8 b6 11. d3 Bb7 12. Nxb6 axb6 13. Qf3 Nd4 14.
Qh3 Bg7 15. Be3 g5 16. Rc1 h5 17. Ne2 Nxe2 18. Bxb6+ Ke8 19. Kxe2 f4 20. f3
Qf6 21. Rce1 Nf5 22. Kd1 g4 23. fxg4 hxg4 24. Qxg4 Rh4 25. Rxe5+ Qxe5 26.
Qg6+ Ke7 27. Qf7+ Kd6 28. d4 Nxd4 29. Bc4 Nf5 30. Re1 Ne3+ 31. Bxe3 fxe3 32.
Bd3 Rf4 33. Qg6+ Kc7 34. Qg3 e2+ 35. Bxe2 Re4 36. c3 Qxg3 37. hxg3 Re6 38.
Bf3 Rd6+ 39. Kc2 Bf6 40. Bxb7 Kxb7 41. a4 Bg5 42. Rd1 Rxd1 43. Kxd1 Kc6 44.
b4 Kd5 45. b5 Kc5 46. g4 Bf4 47. Kc2 Bg5 48. Kd3 d5 49. g3 Bh6 50. Kc2 Bg5
51. Kb3 Be3 52. Ka2 Kc4 53. Kb2 Bd2 54. Kb1 Kxc3 55. b6 Be3 56. b7 Ba7 57.
a5 d4 58. a6 d3 59. Kc1 Kd4 60. Kd2 Bb8 61. g5 Ke4 62. g6 {Black resigns}
1-0

[Event "GambitGuide"]
[Site "Internet Chess Club"]
[Date "2014.10.31"]
[Round "1"]
[White "JSBach"]
[Black "KonfiAnand"]
[Result "1-0"]
[ICCResult "Black resigns"]
[WhiteElo "1598"]
[BlackElo "1364"]
[Opening "Vienna: `Frankenstein-Dracula' variation"]
[ECO "C27"]
[NIC "VG.02"]
[Time "08:07:27"]
[TimeControl "120+12"]

1. e4 e5 2. Nc3 Nf6 3. Bc4 Nxe4 4. Qh5 Nd6 5. Bb3 Nc6 6. Nb5 g6 7. Qf3 f5 8.
Qd5 Qe7 9. Nxc7+ Kd8 10. Nxa8 b6 11. d3 Bb7 12. Nxb6 axb6 13. Qf3 Nd4 14.
Qh3 Nxb3 15. axb3 Ke8 16. Be3 Kf7 17. Bxb6 Nb5 18. Nf3 e4 19. dxe4 Qxe4+ 20.
Kd1 Bg7 21. Ng5+ {Black resigns} 1-0

[Event "GambitGuide"]
[Site "Internet Chess Club"]
[Date "2014.10.31"]
[Round "1"]
[White "JSBach"]
[Black "endersgame"]
[Result "0-1"]
[ICCResult "White checkmated"]
[WhiteElo "1598"]
[BlackElo "1687"]
[Opening "Vienna: `Frankenstein-Dracula' variation"]
[ECO "C27"]
[NIC "VG.02"]
[Time "08:04:25"]
[TimeControl "120+12"]

1. e4 e5 2. Nc3 Nf6 3. Bc4 Nxe4 4. Qh5 Nd6 5. Bb3 Nc6 6. Nb5 g6 7. Qf3 f5 8.
Qd5 Qe7 9. Nxc7+ Kd8 10. Nxa8 b6 11. d3 Bb7 12. Nxb6 axb6 13. Qf3 Nd4 14.
Qg3 f4 15. Qg4 N6f5 16. Ne2 Nxe2 17. Kxe2 f3+ 18. gxf3 Nd4+ 19. Kf1 Bxf3 20.
Qg1 Be2+ 21. Kg2 Nf3 22. Be3 Nxg1 23. Bxb6+ Ke8 24. Rhxg1 Qg5+ 25. Kh3 Qh5+
26. Kg2 Qf3# {White checkmated} 0-1

[Event "GambitGuide"]
[Site "Internet Chess Club"]
[Date "2014.10.31"]
[Round "1"]
[White "JSBach"]
[Black "Grand-Galop"]
[Result "1-0"]
[ICCResult "Black resigns"]
[WhiteElo "1598"]
[BlackElo "1364"]
[Opening "Vienna: `Frankenstein-Dracula' variation"]
[ECO "C27"]
[NIC "VG.02"]
[Time "08:05:34"]
[TimeControl "120+12"]

1. e4 e5 2. Nc3 Nf6 3. Bc4 Nxe4 4. Qh5 Nd6 5. Bb3 Nc6 6. Nb5 g6 7. Qf3 f5 8.
Qd5 Qe7 9. Nxc7+ Kd8 10. Nxa8 b6 11. d3 Bb7 12. Nxb6 axb6 13. Qf3 Nd4 14.
Qh3 Nxb3 15. axb3 e4 16. d4 Qg7 17. Be3 Ke7 18. Ra7 Ke6 19. Bf4 Bc6 20. Be5
Qg8 21. Bxh8 Qxh8 22. Qc3 Ke7 23. Qxc6 {Black resigns} 1-0

[Event "GambitGuide"]
[Site "Internet Chess Club"]
[Date "2014.10.31"]
[Round "1"]
[White "JSBach"]
[Black "butrint-chess"]
[Result "1-0"]
[ICCResult "Black resigns"]
[WhiteElo "1598"]
[BlackElo "1671"]
[Opening "Vienna: `Frankenstein-Dracula' variation"]
[ECO "C27"]
[NIC "VG.02"]
[Time "08:05:16"]
[TimeControl "120+12"]

1. e4 e5 2. Nc3 Nf6 3. Bc4 Nxe4 4. Qh5 Nd6 5. Bb3 Nc6 6. Nb5 g6 7. Qf3 f5 8.
Qd5 Qe7 9. Nxc7+ Kd8 10. Nxa8 b6 11. d3 Bb7 12. Nxb6 axb6 13. Qf3 Na5 14.
Qg3 f4 15. Qg4 Qf6 16. Ba4 Nf5 17. Nf3 Be7 18. Bb5 h5 19. Qh3 e4 20. dxe4
Bxe4 21. Bxf4 Qxb2 22. Be5 Qxb5 23. Bxh8 Bb4+ 24. c3 Bc5 25. Rd1 d5 26. Ne5
Qb2 27. O-O Qe2 28. Ra1 {Black resigns} 1-0

[Event "GambitGuide"]
[Site "Internet Chess Club"]
[Date "2014.10.31"]
[Round "1"]
[White "JSBach"]
[Black "beaner"]
[Result "1-0"]
[ICCResult "Black resigns"]
[WhiteElo "1598"]
[BlackElo "1242"]
[Opening "Vienna: `Frankenstein-Dracula' variation"]
[ECO "C27"]
[NIC "VG.02"]
[Time "08:09:42"]
[TimeControl "120+12"]

1. e4 e5 2. Nc3 Nf6 3. Bc4 Nxe4 4. Qh5 Nd6 5. Bb3 Nc6 6. Nb5 g6 7. Qf3 f5 8.
Qd5 Qe7 9. Nxc7+ Kd8 10. Nxa8 b6 11. d3 Bb7 12. Nxb6 axb6 13. Qf3 e4 14. Qe3
h5 15. Qxb6+ Kc8 16. Be3 f4 17. Bxf4 Bg7 18. Bxd6 Qxd6 19. dxe4 Bxb2 20. Rb1
Bc3+ 21. Kf1 Rf8 22. Bd5 Qf4 23. Qxb7+ {Black resigns} 1-0